 Dungeon Crawl Stone Soup version 0.25-a0-566-g062765b (webtiles) character file.

Game seed: 6959658122549655347, levelgen mode: deterministic

16 tyvek the Skirmisher (level 2, 16/16 HPs)
             Began as a Vine Stalker Fighter on Feb 27, 2020.
             Quit the game on level 1 of the Dungeon.
             The game lasted 00:00:39 (1083 turns).

tyvek the Skirmisher (Vine Stalker Fighter)         Turns: 1083, Time: 00:00:39

Health: 16/16      AC:  6    Str: 18    XL:     2   Next: 54%
Magic:  3/3        EV:  7    Int:  8    God:
Gold:   67         SH:  9    Dex: 13    Spells: 1/1 levels left

rFire    . . .     SeeInvis .   a - +0 long sword
rCold    . . .     Gourm    .   c - +0 kite shield
rNeg     . . .     Faith    .   b - +0 scale mail
rPois    .         Spirit   +   (no helmet)
rElec    .         Reflect  .   (no cloak)
rCorr    .         Harm     .   (no gloves)
MR       .....                  (no boots)
Stlth    ..........             (no amulet)
HPRegen  0.05/turn              (no ring)
MPRegen  0.08/turn              (no ring)

@: no status effects
A: fangs 2, magic shield, antimagic bite, no potion heal 3, rot immunity
a: no special abilities


You were on level 1 of the Dungeon.
You were hungry.

You visited 1 branch of the dungeon, and saw 1 of its levels.

You collected 67 gold pieces.


Innate Abilities, Weirdness & Mutations

You have extremely sharp teeth.
When hurt, damage is shared between your health and your magic reserves.
Your bite disrupts and absorbs the magic of your enemies.
Potions cannot restore your health.
You are immune to rotting.


   Skills:
 + Level 2.8 Fighting
 * Level 2.2 Long Blades
 + Level 2.5 Armour
 + Level 2.8 Shields


You had one spell level left.
You didn't know any spells.
Your spell library was empty.

Inventory:

Hand Weapons
 a - a +0 long sword (weapon)
Armour
 b - a +0 scale mail (worn)
 c - a +0 kite shield (worn)
Scrolls
 e - 2 scrolls of immolation {unknown}
 i - 3 scrolls of noise {unknown}
 j - a scroll of teleportation {unknown}
Potions
 d - 2 potions of might
 g - a potion of mutation {unknown}
 h - a potion of invisibility {unknown}
 k - 2 potions of heal wounds {unknown}
 l - a potion of curing {unknown}
Comestibles
 f - 3 rations

Dungeon Overview and Level Annotations

Branches:
Dungeon (1/15)

Altars:

#...########.##.
#...#........##.
#...########.... #...#
#.#.. #...# #.#.#
###.).## ###.#.#
#.#....# ##...#.#
#.###.## ##.####.#
#######@# #..###.## ##..
#.......###.#.#.## #...
#.#####.##..##.## #.##
#.# ####.####.# #.# #.#
#.####.#####.# #.#
#.#....##.)..## #.#
#.#.#####.##...
#.########.#.#####.##.##
#..........#.......##.#


There were no monsters in sight!


Message History

l - an amethyst potion No target in view!
A rat comes into view.
A rat is nearby!
A rat is nearby!
You block the rat's attack.
A rat is nearby!
You slash the rat!
You kill the rat!
k - 2 ruby potions (gained 1)
Found 17 gold pieces.
No target in view!
You now have 67 gold pieces (gained 17).
A goblin comes into view. It is wielding a +0 club.
The goblin shouts!
You slash the goblin!
You kill the goblin!
You see here a +0 club.
You are feeling hungry.
No target in view!
Done exploring.
No target in view!
Done exploring.
No target in view!
Done exploring.
No target in view!
Done exploring.
No target in view!
Done exploring.
Are you sure you want to abandon this character and quit the game? (Confirm with "yes".)

Skill      XL: |  1 |
---------------+----+-----
Long Blades    | 2 |  2.2
Fighting       | |  2.8
Armour         | |  2.5
Shields        | |  2.8

Action                   || total
-------------------------++-------
Melee: Long sword        ||    37
       Bite              ||    11
Armor: Scale mail        ||     6
Dodge: Dodged            ||    13
Block: Kite shield       ||    15
       Rpst.: Long sword ||     2

Levels and vault maps discovered:
D:1:      scummos_arrival_star, layout_loops_cross, serial_co_window_serial,
          co_window_paths_a, co_window_of_opportunity_a, co_window_paths_a,
          co_window_paths_a, co_window_paths_b, co_window_broadway_c,
          co_window_broadway_b, co_window_corner_ca, co_window_4corner_b,
          co_window_4corner_a, glass_columns_a, glass_columns_a

Notes
Turn   | Place    | Note
-------+----------+-------------------------------------------
     0 | D:1      | tyvek the Vine Stalker Fighter began the quest for the Orb.
     0 | D:1      | Reached XP level 1. HP: 11/11 MP: 2/2
   141 | D:1      | Reached skill level 2 in Long Blades
   255 | D:1      | HP: 1/11 [leopard gecko (1)]
   256 | D:1      | Reached XP level 2. HP: 2/16 MP: 3/3
  1083 | D:1      | Quit the game

Vanquished Creatures
  A dart slug (D:1)
  A leopard gecko (D:1)
  A hobgoblin (D:1)
  A ball python (D:1)
  2 frilled lizards (D:1)
  2 goblins (D:1)
  4 kobolds (D:1)
  2 rats (D:1)
14 creatures vanquished.
